 Dungeon Crawl Stone Soup version 0.26-a0-639-g72c4674329 (webtiles) character file.

Game seed: 15746258569661631940

(classic levelgen) 2 EnegeticOcto the Shield-Bearer (level 1, 17/20 HPs)
             Began as a Deep Dwarf Fighter on Sept 28, 2020.
             Quit the game on level 1 of the Dungeon.
             The game lasted 00:00:19 (67 turns).

EnegeticOcto the Shield-Bearer (Deep Dwarf Fighter)   Turns: 67, Time: 00:00:19

Health: 17/20      AC:  8    Str: 19    XL:     1   Next: 25%
Magic:  1/1        EV:  7    Int:  8    God:
Gold:   10         SH:  9    Dex: 12    Spells: 0/0 levels left

rFire    . . .     SeeInvis .   a - +0 war axe
rCold    . . .     Faith    .   c - +0 kite shield
rNeg     . . .     Spirit   .   b - +0 scale mail
rPois    .         Reflect  .   (no helmet)
rElec    .         Harm     .   (no cloak)
rCorr    .         Rampage  .   f - +0 pair of gloves
MR       .....                  (no boots)
Stlth    ..........             e - amulet of regeneration (curse)
HPRegen  0.00/turn              (no ring)
MPRegen  0.07/turn              (no ring)

@: non-regenerating
A: damage resistance, heal wounds, sense surroundings 1, no regeneration
a: Heal Wounds


You were on level 1 of the Dungeon.
You visited 1 branch of the dungeon, and saw 1 of its levels.

You collected 10 gold pieces.

Inventory:

Hand Weapons
 a - a +0 war axe (weapon)
Armour
 b - a +0 scale mail (worn)
 c - a +0 kite shield (worn)
 f - a +0 pair of gloves (worn)
Jewellery
 e - a cursed amulet of regeneration (around neck)
Potions
 d - a potion of might {@q3}


   Skills:
 + Level 2.7 Fighting
 * Level 2.2 Axes
 + Level 3.3 Armour
 + Level 3.3 Shields


You couldn't memorise any spells.
You didn't know any spells.
Your spell library was empty.

Dungeon Overview and Level Annotations

Branches:
Dungeon (1/15)

Altars:


Innate Abilities, Weirdness & Mutations

You are resistant to damage.
You can heal yourself by infusing magical energy.
You passively map a small area around you.
You do not regenerate.


Message History

Welcome, EnegeticOcto the Deep Dwarf Fighter.
Will you prevail where others failed? Will you find the Orb of Zot?
Press ? for a list of commands and other information.
Found a staircase leading out of the dungeon.
Found a pair of gloves and 27 bolts.
You now have 1 gold piece.
Found a dagger.
Found a leather armour.
No target in view!
No target in view!
No target in view!
No target in view!
No target in view!
No target in view!
No target in view!
Found 25 arrows.
Found a dagger.
No target in view!
No target in view!
No target in view!
No target in view!
No target in view!
No target in view!
No target in view!
No target in view!
No target in view!
No target in view!
No target in view!
e - a runed fluorescent amulet You now have 10 gold pieces (gained 9).
You see here 27 bolts.
You see here a pair of gloves.
You start putting on your armour.
You continue putting on your pair of gloves. x4
You finish putting on your +0 pair of gloves.
Found a ring mail.
You start putting on your amulet.
You continue putting on your runed fluorescent amulet. x5
You finish putting on your cursed amulet of regeneration.
The amulet feels cold and inert.
Oops, that amulet feels deathly cold.
e - a cursed amulet of regeneration (around neck)
Found a robe.
A hobgoblin comes into view.
The hobgoblin shouts!
A bat comes into view.
The hobgoblin moves out of view.
A bat is nearby!
The bat closely misses you.
Found a sedimented coppery potion.
The bat hits you but does no damage. You block the bat's attack.
The bat hits you but does no damage. The hobgoblin completely misses you.
You closely miss the bat. You barely miss the hobgoblin.
The bat hits you but does no damage. The hobgoblin hits you.
You barely miss the hobgoblin. The bat hits you but does no damage.
The hobgoblin hits you. You block the hobgoblin's attack.
You closely miss the bat. You hit the hobgoblin. You block the bat's attack.
The hobgoblin hits you.
You hit the hobgoblin.
The hobgoblin is almost dead.
You closely miss the bat. You block the bat's attack. x2
The hobgoblin closely misses you. The bat barely misses you.
The hobgoblin hits you but does no damage.
You closely miss the hobgoblin.
The hobgoblin is almost dead.
You slash the bat!
You kill the bat!
You block the hobgoblin's attack.
You hit the hobgoblin.
You kill the hobgoblin!
No target in view!
No target in view!
No target in view!
No target in view!
No target in view!
No target in view!
No target in view!
No target in view!
No target in view!
No target in view!
No target in view!
No target in view!
No target in view!
No target in view!
No target in view!
No target in view!
Are you sure you want to abandon this character and quit the game? (Confirm with "yes".)
Okay, then.
Are you sure you want to abandon this character and quit the game? (Confirm with "yes".)

, #.....##... . ###
#......##.. ,..
....####.......#..
.., #............#..
#.#####.....##.(.#.
...#..######..... ,
###.#.##........##
#.##†.......###....#
#..[@##..#####..####
,##?†.##..# #.#
,,*#.!..#.## *#..
,,...##.#.# ,..#
..## ...[ , , ....,
..#. * * ... , ....
, .# * .... * ** ,


There were no monsters in sight!

Vanquished Creatures
  A hobgoblin (D:1)
  A bat (D:1)
2 creatures vanquished.

Notes
Turn   | Place    | Note
-------+----------+-------------------------------------------
     0 | D:1      | EnegeticOcto the Deep Dwarf Fighter began the quest for the
                  | Orb.
     0 | D:1      | Reached XP level 1. HP: 20/20 MP: 1/1
    67 | D:1      | Quit the game

Illustrated notes

Levels and vault maps discovered:
D:1:      saegor_arrival_simple_a, layout_rooms, minmay_misc_feat_pillars,
          nrook_mini_backslash, minmay_hexomino_p4

Action                   || total
-------------------------++-------
Melee: War axe           ||     6
Armor: Scale mail        ||     5
Dodge: Dodged            ||     4
Block: Kite shield       ||     6

Table legend: (Time is in decaauts)
 A = Elapsed time spent in this place.
 B = Non-inter-level travel time spent in this place.
 C = Inter-level travel time spent in this place.
 D = Time resting spent in this place.
 E = Time spent auto-exploring this place.
 F = Levels seen in this place.
 G = Mean time per level.
                   A        B        C        D        E       F      G
               +--------+--------+--------+--------+--------+-----+--------+
         Total |     69 |     69 |      0 |      0 |     27 |   1 |   69.0 |
       Dungeon |     69 |     69 |      0 |      0 |     27 |   1 |   69.0 |
               +--------+--------+--------+--------+--------+-----+--------+

Top non-repeatable levels by time:
     D:1: 69 daAuts
